 Dungeon Crawl Stone Soup version 0.20.1-1-g8b1a95d (webtiles) character file.

126 tmwrnj the Skirmisher (level 5, -4/47 HPs)
             Began as a Hill Orc Fighter on Sept 28, 2017.
             Was an Initiate of Beogh.
             Slain by an orc warrior
             ... wielding a +0 short sword
              (17 damage)
             ... on level 6 of the Dungeon.
             The game lasted 00:09:00 (3858 turns).

tmwrnj the Skirmisher (Hill Orc Fighter)            Turns: 3858, Time: 00:09:01

Health: -4/47      AC:  9    Str: 20    XL:     5   Next: 10%
Magic:  5/5        EV:  5    Int:  8    God:    Beogh [......]
Gold:   177        SH:  9    Dex: 10    Spells: 4/4 levels left

rFire    . . .     SeeInvis .   a - +0 flail
rCold    . . .     Gourm    .   c - +0 shield
rNeg     . . .     Faith    .   x - +0 chain mail
rPois    .         Spirit   .   (no helmet)
rElec    .         Reflect  .   (no cloak)
rCorr    .         Harm     .   (no gloves)
MR       .....                  (no boots)
Stlth    ..........             (no amulet)
Regen    0.2/turn               w - ring of flight
MPRegen  0.1/turn               (no ring)

@: drained
A: no striking features
a: Renounce Religion, Evoke Flight


You were on level 6 of the Dungeon.
You worshipped Beogh.
Beogh was noncommittal.
You were not hungry.

You visited 1 branch of the dungeon, and saw 7 of its levels.

You collected 177 gold pieces.

Inventory:

Hand Weapons
 a - a +0 flail (weapon)
Armour
 b - a +0 scale mail
 c - a +0 shield (worn)
 x - a +0 chain mail (worn)
 z - a +0 shield
Jewellery
 w - a ring of flight (left hand)
Wands
 r - a wand of random effects (17/48)
Scrolls
 g - 2 scrolls of amnesia
 h - 7 scrolls of remove curse
 i - a scroll of magic mapping {unknown}
 j - a scroll of random uselessness {unknown}
 k - 2 scrolls of teleportation {unknown}
 l - 4 scrolls of blinking
 o - a scroll of recharging {unknown}
 q - a scroll of enchant armour {unknown}
 y - 3 scrolls of identify {unknown}
Potions
 d - 3 potions of might
 e - a potion of flight {unknown}
 m - a potion of agility {unknown}
 s - a potion of cancellation {unknown}
 t - 3 potions of heal wounds {unknown}
 u - 2 potions of curing {unknown}
 v - a potion of haste
Comestibles
 f - 5 bread rations
 n - 4 royal jellies
 p - a meat ration


   Skills:
 + Level 4.3(3.3) Fighting
 + Level 3.6(2.6) Maces & Flails
 + Level 3.9(2.9) Armour
 + Level 0.2(0.0) Dodging
 + Level 0.1(0.0) Stealth
 + Level 4.2(3.2) Shields


You had 4 spell levels left.
You didn't know any spells.

Dungeon Overview and Level Annotations

Branches:
Dungeon (7/15)
 Temple: D:4-7

Altars:
Cheibriados
Nemelex Xobeh

Annotations:
D:5 Pikel


Message History

You see here a quokka corpse.
You see here a quokka corpse.
You butcher the quokka corpse.
s - a chunk of flesh You see here a quokka skeleton.
Eat a chunk of flesh? (ye/n/q)
You eat the chunk of flesh.
This raw flesh tastes terrible.
s - a green potion You see here a quokka skeleton.
You open the door.
There is an open door here.
An orc warrior comes into view. It is wielding a short sword.
The orc warrior shouts!
The orc warrior hits you with a short sword!
The orc warrior hits you with a short sword!
* * * LOW HITPOINT WARNING * * *
There is an escape hatch in the ceiling here.
The orc warrior hits you with a short sword!
You die...
Beogh appreciates the orc warrior's killing of a heretic priest.

##..... ##.....## #.....#
#.......# #.....+ +.......#
#.....# #.......# #.....#
#.......#
#.....##+##.......##+######+###
######.........................>.
.....#...........................
.....#.........o@................
.....'.#8.8#.....................
.....#.#...#.....................
#....###8.8###...................
######≈≈...≈≈##..........###+####
≈≈≈8.8≈≈≈######)....# ≈≈≈#+#≈≈≈
#.....# #.....# #.....#


You could see an orc warrior.

Vanquished Creatures
  A hound (D:4)
  2 adders (D:3)
  A worm (D:2)
  A dart slug (D:1)
  4 leopard geckos
  4 orcs (D:3)
  5 bats
  3 giant cockroaches
  8 goblins
  7 hobgoblins
  4 jackals
  3 quokkas
  4 frilled lizards
  6 kobolds
  5 rats (D:1)
58 creatures vanquished.

Notes
Turn   | Place    | Note
-------+----------+-------------------------------------------
     0 | D:1      | tmwrnj the Hill Orc Fighter began the quest for the Orb.
     0 | D:1      | Reached XP level 1. HP: 19/19 MP: 1/1
   180 | D:1      | Reached XP level 2. HP: 25/27 MP: 2/2
   713 | D:2      | Reached XP level 3. HP: 33/33 MP: 3/3
  2381 | D:3      | Found a snail-covered altar of Cheibriados.
  2431 | D:3      | Reached XP level 4. HP: 9/40 MP: 4/4
  2828 | D:3      | Became a worshipper of Beogh the Brigand
  3683 | D:4      | Reached XP level 5. HP: 18/47 MP: 5/5
  3688 | D:4      | You fall through a shaft for 3 floors!
  3749 | D:5      | Entered Level 5 of the Dungeon
  3780 | D:5      | Noticed Pikel
  3780 | D:5      | Noticed a slave
  3787 | D:5      | Found a sparkling altar of Nemelex Xobeh.
  3808 | D:5      | Noticed a slave
  3808 | D:5      | Noticed a slave
  3848 | D:6      | Noticed an orc warrior
  3858 | D:6      | Slain by an orc warrior

Skill      XL: |  1  2  3  4 |
---------------+-------------+-----
Fighting       | 4 |  4.3
Maces & Flails | 3 |  3.6
Shields        | 4 |  4.2
Armour         | |  3.9
Dodging        | |  0.2
Stealth        | |  0.1

Action                   |  1- 3 |  4- 6 || total
-------------------------+-------+-------++-------
Melee: Flail             |   186 |   108 ||   294
Invok: Convert to Beogh  |       |     1 ||     1
  Use: Scroll            |     3 |       ||     3
       Potion            |     1 |       ||     1
  Eat: Chunk             |     4 |     3 ||     7
       Fruit             |     1 |     2 ||     3
Armor: Scale mail        |    70 |       ||    70
       Chain mail        |    26 |    90 ||   116
Dodge: Dodged            |    53 |    25 ||    78
Block: Shield            |   108 |    49 ||   157
